Map: Cactus Valley LE (Void)

Players

Railgan - Winner!

  • Race: Zerg Zerg
  • League: Grandmaster
  • Spawn Location: 1:00

Spec

  • Race: Protoss Protoss
  • League: Grandmaster
  • Spawn Location: 7:00

VOD

Have the link to the VOD?

Description

Time

  • Played on: Feb. 22, 2017, 5:51 p.m.
  • Length: 11:32
Show
View Real Time Build Order
Export as new Build Order

Railgan Zerg - Winner!

Build Orders: Pool First 

Get SALT Encoding   

  12  0:01  Drone  
  13  0:12  Overlord  
  13  0:17  Drone  
  14  0:31  Drone x2  
  14  0:34  Drone  
  17  0:46  Spawning Pool  
  17  0:49  Drone  
  17  0:57  Drone  
  18  1:13  Hatchery  
  18  1:15  Extractor  
  18  1:17  Drone  
  17  1:20  Drone  
  18  1:28  Drone  
  19  1:37  Queen  
  21  1:40  Zergling x2  
  22  1:51  Overlord  
  22  2:09  Drone  
  22  2:11  Drone  
  22  2:12  Queen  
  26  2:17  Metabolic Boost  
  26  2:23  Drone  
  26  2:25  Drone  
  26  2:26  Queen  
  30  2:35  Zergling x2  
  30  2:36  Overlord  
  31  2:46  Drone  
  31  2:47  Overlord  
  31  2:48  Drone  
  33  2:52  Queen  
  33  2:56  Zergling x2  
  35  3:01  Evolution Chamber  
  35  3:03  Zergling x2  
  35  3:09  Drone x2  
  35  3:11  Drone  
  38  3:19  Drone  
  40  3:20  Drone  
  40  3:23  Drone x2  
  40  3:25  Overlord  
  42  3:32  Zerg Melee Weapons Level 1  
  42  3:37  Lair  
  42  3:39  Drone  
  43  3:43  Zergling x4  
  45  3:58  Drone x4  
  45  3:59  Drone x2  
  49  4:04  Drone  
  49  4:05  Spore Crawler  
  49  4:06  Spore Crawler  
  49  4:07  Drone x2  
  49  4:08  Extractor  
  49  4:10  Extractor, Drone  
  49  4:14  Drone  
  49  4:15  Drone  
  50  4:20  Drone x2  
  50  4:23  Drone  
  53  4:26  Baneling Nest  
  52  4:33  Drone x2  
  52  4:37  Extractor, Zergling x2  
  52  4:38  Zergling x6  
  55  4:43  Overlord, Zergling x2  
  55  4:44  Zergling x2  
  57  4:49  Zergling x4  
  54  5:13  Drone x9  
  59  5:18  Drone  
  59  5:23  Infestation Pit  
  56  5:31  Queen x2  
  56  5:34  Drone  
  57  5:36  Hatchery  
  57  5:42  Drone  
  57  5:43  Overlord  
  57  5:53  Zergling x12  
  63  5:58  Baneling  
  63  5:59  Baneling x2, Zergling x2  
  63  6:00  Spore Crawler, Zergling x2  
  64  6:04  Zerg Melee Weapons Level 2  
  64  6:14  Overlord, Burrow  
  64  6:19  Zergling x4  
  64  6:20  Zergling x2  
  64  6:21  Baneling x4  
  67  6:29  Pathogen Glands  
  67  6:31  Overlord  
  67  6:47  Drone  
  67  6:48  Centrifical Hooks  
  67  6:49  Infestor  
  67  6:50  Infestor x2  
  73  6:56  Drone  
  73  6:57  Drone  
  73  6:58  Queen  
  73  6:59  Zergling x2  
  73  7:00  Zergling x4  
  80  7:02  Baneling  
  80  7:03  Baneling x4  
  80  7:07  Drone x2  
  82  7:09  Overlord  
  82  7:12  Zergling x2  
  82  7:13  Drone  
  84  7:20  Roach Warren  
  79  7:33  Infestor x2  
  79  7:35  Drone x6  
  89  7:39  Zergling x2  
  89  7:40  Overlord  
  89  7:41  Overlord  
  90  7:48  Overlord  
  90  7:55  Hatchery  
  89  8:08  Roach  
  89  8:09  Roach x5  
  89  8:10  Glial Reconstitution  
  101  8:20  Zergling x2  
  101  8:21  Neural Parasite  
  99  8:34  Zergling x2  
  99  8:35  Zergling x4  
  99  8:36  Zergling x10  
  99  8:37  Baneling x8  
  105  8:46  Zergling x20  
  104  9:01  Zergling x18  
  106  9:05  Zergling x2  
  106  9:06  Zergling x2  
  106  9:07  Zergling x2  
  104  9:16  Drone  
  104  9:17  Drone  
  104  9:20  Zerg Ground Armor Level 1  
  104  9:22  Drone x2, Evolution Chamber  
  105  9:24  Infestor x2  
  105  9:27  Zergling x2  
  109  9:45  Zergling x4  
  109  9:46  Zergling x12  
  107  9:53  Zergling x2  
  107  9:54  Zergling x20  
  111  10:05  Zergling x2  
  111  10:06  Zergling x6  
  113  10:10  Extractor x2  
  105  10:16  Zergling x2  
  105  10:17  Drone  
  105  10:18  Drone  
  107  10:26  Baneling x8  
  107  10:27  Baneling x2  
  107  10:30  Roach x5  
  107  10:32  Hatchery  
  107  10:33  Overlord  
  114  10:38  Drone  
  114  10:39  Drone  
  114  10:41  Overlord x3  
  116  10:47  Overlord  
  116  10:49  Zergling x6  
  119  10:52  Hatchery  
  118  10:58  Drone x2  
  118  11:00  Overlord  
  118  11:03  Zergling x4  
  122  11:06  Ravager x3  
  122  11:07  Baneling x3  
  125  11:12  Zergling x6  
Show
View Real Time Build Order
Export as new Build Order

Spec Protoss 

Build Orders: Oracle Opening, Mass Adepts, Zealot Archon 

Get SALT Encoding   

  12  0:00  Probe (Chrono Boost)  
  13  0:11  Probe (Chrono Boost)  
  14  0:17  Pylon  
  14  0:22  Probe (Chrono Boost)  
  15  0:35  Probe (Chrono Boost)  
  16  0:37  Gateway  
  16  0:46  Probe (Chrono Boost)  
  16  0:49  Assimilator  
  17  0:52  Assimilator  
  17  0:56  Probe (Chrono Boost)  
  18  1:07  Probe (Chrono Boost)  
  18  1:09  Gateway  
  19  1:17  Probe (Chrono Boost)  
  20  1:25  Cybernetics Core  
  20  1:28  Probe (Chrono Boost)  
  21  1:35  Pylon  
  21  1:38  Probe (Chrono Boost)  
  22  1:48  Warp Gate  
  22  1:49  Probe (Chrono Boost)  
  23  2:01  Adept x2  
  27  2:14  Probe (Chrono Boost)  
  28  2:26  Nexus  
  29  2:31  Probe (Chrono Boost)  
  29  2:43  Probe (Chrono Boost)  
  30  2:48  Stargate  
  30  2:55  Probe (Chrono Boost)  
  30  2:58  Pylon  
  31  3:17  Gateway x2  
  31  3:18  Probe (Chrono Boost)  
  32  3:20  Adept  
  32  3:26  Adept  
  36  3:31  Probe (Chrono Boost)  
  37  3:38  Oracle  
  40  3:46  Pylon  
  40  3:54  Probe x2 (Chrono Boost)  
  40  4:05  Probe (Chrono Boost)  
  40  4:08  Probe (Chrono Boost)  
  40  4:09  Oracle  
  45  4:18  Adept x2  
  45  4:20  Adept  
  45  4:21  Adept  
  53  4:28  Probe (Chrono Boost)  
  53  4:29  Probe (Chrono Boost)  
  55  4:36  Pylon  
  56  4:38  Probe (Chrono Boost)  
  56  4:48  Probe (Chrono Boost)  
  56  4:51  Oracle  
  57  4:57  Adept  
  57  4:58  Adept x3  
  66  5:07  Probe (Chrono Boost)  
  66  5:09  Probe (Chrono Boost), Assimilator  
  66  5:12  Assimilator  
  60  5:18  Probe (Chrono Boost)  
  58  5:21  Probe (Chrono Boost)  
  58  5:24  Twilight Council  
  58  5:29  Mothership Core (Chrono Boost)  
  58  5:33  Probe (Chrono Boost)  
  58  5:41  Adept x2  
  58  5:42  Adept x2  
  66  5:45  Probe (Chrono Boost)  
  66  5:47  Probe (Chrono Boost), Phoenix  
  70  6:07  Pylon  
  70  6:10  Charge  
  70  6:16  Pylon  
  70  6:27  Templar Archives, Probe x2 (Chrono Boost)  
  72  6:34  Stalker  
  72  6:35  Stalker  
  77  6:40  Probe (Chrono Boost)  
  77  6:41  Probe (Chrono Boost)  
  77  6:53  Gateway, Probe (Chrono Boost)  
  78  6:54  Gateway  
  78  6:56  Pylon  
  78  6:58  Gateway  
  78  6:59  Gateway  
  78  7:11  Nexus  
  78  7:14  Probe (Chrono Boost)  
  78  7:15  Probe (Chrono Boost)  
  80  7:24  High Templar  
  80  7:25  Zealot x2, High Templar  
  80  7:28  Probe (Chrono Boost)  
  80  7:29  Probe (Chrono Boost)  
  90  7:36  Pylon  
  90  7:37  Pylon  
  90  7:42  Archon  
  90  7:46  Probe (Chrono Boost)  
  90  7:48  High Templar  
  93  7:57  High Templar x2  
  93  7:58  Zealot x2, High Templar  
  99  8:01  Probe x2 (Chrono Boost)  
  99  8:03  Pylon  
  99  8:05  Archon  
  105  8:07  Pylon  
  105  8:08  Zealot  
  105  8:09  Zealot  
  105  8:12  Archon  
  109  8:22  Zealot x3  
  107  8:35  Zealot x4  
  107  8:36  Zealot  
  113  8:53  Zealot x3  
  109  8:59  Robotics Facility  
  89  9:03  Zealot x3  
  89  9:04  Zealot x2  
  75  9:21  High Templar x2  
  75  9:23  Probe (Chrono Boost)  
  75  9:24  Probe x2 (Chrono Boost)  
  82  9:28  Archon  
  82  9:29  High Templar x2  
  82  9:30  Zealot, High Templar x2  
  82  9:31  Zealot  
  94  9:33  Probe (Chrono Boost)  
  94  9:36  Probe (Chrono Boost)  
  94  9:38  Archon x2  
  97  9:39  Probe (Chrono Boost)  
  89  9:47  Warp Prism  
  81  9:55  Zealot x3  
  81  10:00  Zealot  
  83  10:08  Probe x2 (Chrono Boost)  
  83  10:10  Zealot x4  
  81  10:24  Observer  
  82  10:30  Zealot x3, High Templar x2  
  82  10:31  Zealot x3  
  98  10:35  Archon  
  98  10:45  Observer, Gateway  
  99  10:50  Gateway  
  99  10:52  Forge  
  99  10:55  High Templar  
  99  10:56  Zealot x4, High Templar  
  111  11:00  Archon  
  111  11:06  Zealot x2  
  87  11:26  Zealot x5  
  87  11:27  Zealot  
Tags
 
Add a new tag
Caveats
  • Supply blocks, unpowered buildings, or Contaminate may cause inaccurate times.
  • Supply counts are checked every 10 seconds.